 Dungeon Crawl Stone Soup version 0.29.0-4-gdea44cf6ec (webtiles) character file.

Game seed: 6572342464511208621

74 qw the Chopper (level 4, -1/26 HPs)
             Began as a Tengu Warper on Aug 28, 2022.
             Slain by Terence
             ... wielding a +0 hand axe
              (2 damage)
             ... on level 3 of the Dungeon.
             The game lasted 00:00:14 (2140 turns).

qw the Chopper (Tengu Warper)                       Turns: 2140, Time: 00:00:14

Health: -1/26      AC:  6    Str: 13    XL:     4   Next: 30%
Magic:  8/8        EV: 11    Int: 13    God:
Gold:   207        SH:  0    Dex: 14    Spells: 7/7 levels left

rFire   . . .      SeeInvis .   Y - +1 hand axe
rCold   . . .      Faith    .   (no shield)
rNeg    . . .      Spirit   .   k - +0 ring mail
rPois   .          Reflect  .   (helmet restricted)
rElec   .          Harm     .   a - +0 cloak
rCorr   .          Rampage  .   (no gloves)
Will    .....                   (boots unavailable)
Stlth   +.........              (no amulet)
HPRegen 0.08/turn               (no ring)
MPRegen 0.11/turn               (no ring)

@: no status effects
A: beak, talons 3
a: no special abilities


You were on level 3 of the Dungeon.
You visited 1 branch of the dungeon, and saw 3 of its levels.

You collected 207 gold pieces.


Innate Abilities, Weirdness & Mutations

You have a beak for a mouth.
You have claws for feet.


   Skills:
 - Level 2.0 Fighting
 + Level 4.9 Axes
 - Level 1.0 Throwing
 - Level 1.1 Armour
 - Level 2.1 Dodging
 - Level 2.0 Spellcasting
 - Level 2.4 Translocations


You had 7 spell levels left.
You didn't know any spells.
Your spell library contained the following spells:

 Spells                   Type           Power      Damage    Failure   Level
 Blink                    Tloc           14%        N/A       30%         2
 Gell's Gravitas          Tloc           7%         N/A       52%         3
 Lesser Beckoning         Tloc           7%         N/A       52%         3
 Teleport Other           Tloc           7%         N/A       52%         3
 Manifold Assault         Tloc           7%         N/A       99%         5

Inventory:

Hand Weapons
 f - a +0 mace
 Y - a +1 hand axe (weapon)
Armour
 a - a +0 cloak (worn)
 k - a +0 ring mail (worn)
Scrolls
 b - a scroll of identify
Potions
 c - a potion of magic {unknown}
 h - a potion of might
 i - a potion of heal wounds {unknown}

Dungeon Overview and Level Annotations

Branches:
Dungeon (3/15)

Altars:
Vehumet

Annotations:
D:3 Terence


Message History

Terence shouts!
You hit Terence.
Terence is lightly wounded.
Terence hits you but does no damage.
You hit Terence but do no damage.
Terence is lightly wounded.
Terence hits you with a +0 hand axe.
You hit Terence but do no damage. You claw Terence, but do no damage.
Your peck misses Terence.
Terence is lightly wounded.
Terence hits you with a +0 hand axe.
You hit Terence but do no damage. Your peck misses Terence.
Terence is lightly wounded.
Terence hits you with a +0 hand axe.
You barely miss Terence. Your kick misses Terence.
Terence is lightly wounded.
Terence hits you with a +0 hand axe. Terence closely misses you.
You hit Terence but do no damage. You claw Terence, but do no damage.
Your peck misses Terence.
Terence is lightly wounded.
Terence misses you.
You closely miss Terence. You claw Terence, but do no damage.
Terence is lightly wounded.
Terence misses you.
You completely miss Terence. You peck Terence.
Terence is lightly wounded.
Terence hits you with a +0 hand axe.
You hit Terence but do no damage.
Terence is lightly wounded.
Terence hits you but does no damage.
You hit Terence.
Terence is moderately wounded.
Terence completely misses you.
You hit Terence.
Terence is heavily wounded.
Terence hits you with a +0 hand axe.
You hit Terence. You claw Terence, but do no damage.
Terence is heavily wounded.
Terence hits you with a +0 hand axe.
You die...

#.# #.#
###########.####
.........%.....#
###########.###.##
##########.## #.#
...........# #.# #
####.##.##.##
##.#.#
#.##.###.###.@$.#
#.##.# ##...##@.#
#.##.# ##### ..=..
#(##.# .<##.#
#.##.# ... #
###### .... .....
...#..


You could see Terence.

Vanquished Creatures
  3 adders (D:2)
  3 worms
  4 goblins
  5 hobgoblins
  3 quokkas
  2 ball pythons
  5 bats
  3 frilled lizards (D:1)
  6 kobolds
  8 rats
42 creatures vanquished.

Vanquished Creatures (others)
  A fungus (D:2)
1 creature vanquished.

Grand Total: 43 creatures vanquished

Notes
Turn   | Place    | Note
-------+----------+-------------------------------------------
     0 | D:1      | qw the Tengu Warper began the quest for the Orb.
     0 | D:1      | Reached XP level 1. HP: 12/12 MP: 4/4
     0 | D:1      | 0 ||| qw: Version: 0.1-a-89-g26bdef1
     0 | D:1      | 0 ||| qw: Game counter: 27
     0 | D:1      | 0 ||| qw: Always use a shield: true
     0 | D:1      | 0 ||| qw: God list: Okawaru
     0 | D:1      | 0 ||| qw: Allow faded altars: false
     0 | D:1      | 0 ||| qw: Do Orc after D:15 true
     0 | D:1      | 0 ||| qw: Do second Lair branch before Depths: true
     0 | D:1      | 0 ||| qw: Lair rune preference: random
     0 | D:1      | 0 ||| qw: Plans: Normal
     0 | D:1      | 0 ||| PLANNING D:1-11
    54 | D:1      | 54 ||| Stepping ~*~*~tactically~*~*~ (stealth).
    55 | D:1      | 55 ||| Stepping ~*~*~tactically~*~*~ (stealth).
    57 | D:1      | 57 ||| Stepping ~*~*~tactically~*~*~ (stealth).
    58 | D:1      | 58 ||| Stepping ~*~*~tactically~*~*~ (stealth).
    59 | D:1      | 59 ||| Stepping ~*~*~tactically~*~*~ (stealth).
   265 | D:1      | Reached XP level 2. HP: 12/17 MP: 6/6
   371 | D:1      | Reached skill level 3 in Axes
   482 | D:1      | 482 ||| Stepping ~*~*~tactically~*~*~ (stealth).
   878 | D:1      | 878 ||| UPGRADING to +0 ring mail.
   888 | D:1      | 888 ||| DROPPING +0 leather armour.
   889 | D:1      | 889 ||| READING scroll labelled OKLONL MIMOUM.
   890 | D:1      | 890 ||| READING scroll labelled MOMOLE KUIMAMIA.
   891 | D:1      | 891 ||| READING scroll labelled JUUNUTS BISONE.
   892 | D:1      | 892 ||| READING scroll labelled HICUTO LALA.
   893 | D:1      | 893 ||| DRINKING 2 silvery potions.
   894 | D:1      | 894 ||| DROPPING scroll of blinking.
   917 | D:2      | 917 ||| Stepping randomly (stuck).
   921 | D:2      | 921 ||| Stepping randomly (stuck).
   921 | D:2      | Found a faded altar of an unknown god.
  1094 | D:2      | Reached XP level 3. HP: 20/21 MP: 7/7
  1168 | D:2      | Found a radiant altar of Vehumet.
  1239 | D:2      | Reached skill level 4 in Axes
  1513 | D:2      | 1513 ||| Stepping ~*~*~tactically~*~*~ (stealth).
  1515 | D:2      | 1515 ||| Stepping ~*~*~tactically~*~*~ (stealth).
  1518 | D:2      | 1518 ||| Stepping ~*~*~tactically~*~*~ (stealth).
  1519 | D:2      | 1519 ||| Stepping ~*~*~tactically~*~*~ (stealth).
  1522 | D:2      | 1522 ||| Stepping ~*~*~tactically~*~*~ (stealth).
  1523 | D:2      | 1523 ||| Stepping ~*~*~tactically~*~*~ (stealth).
  1525 | D:2      | 1525 ||| Stepping ~*~*~tactically~*~*~ (stealth).
  1541 | D:2      | Reached XP level 4. HP: 26/26 MP: 8/8
  1562 | D:2      | 1562 ||| FLEEEEING.
  1563 | D:2      | 1563 ||| FLEEEEING.
  1564 | D:2      | 1564 ||| FLEEEEING.
  1589 | D:2      | 1589 ||| FLEEEEING.
  1622 | D:2      | 1622 ||| FLEEEEING.
  1956 | D:2      | 1956 ||| UPGRADING to +0 cloak.
  1961 | D:2      | 1961 ||| READING scroll labelled RARINETUTAI.
  1962 | D:2      | 1962 ||| READING scroll labelled FAATATONEZ.
  1963 | D:2      | 1963 ||| READING scroll labelled NUXICA QUTRO.
  1964 | D:2      | 1964 ||| READING 2 scrolls of identify.
  1964 | D:2      | 1964 ||| IDENTIFYING yellow potion
  1965 | D:2      | 1965 ||| DROPPING potion of degeneration.
  2126 | D:3      | Noticed Terence
  2139 | D:3      | HP: 1/26 [Terence/+0 hand axe (6)]
  2140 | D:3      | Slain by Terence

Levels and vault maps discovered:
D:1:      amcnicky_arrival_feature_with_door, layout_loops_ring, st_stairs_14,
          reono_crystal_passage, hangedman_decor_points,
          amcnicky_mini_rare_corridor_liquid
D:2:      layout_loops_ring, shapermc_ecumenical_altar_notcrosses, basic_altar,
          grunt_ministairs_4, dreamdust_mushroom_princess
D:3:      layout_loops_ring, nicolae_uskayaw_dance_hall,
          biasface_ghost_orc_armoury, minmay_randomly_rotated_circles,
          uniq_crazy_yiuf_cottage, uniq_terence

Skill      XL: |  1  2  3 |
---------------+----------+-----
Axes           | 3 4 |  4.9
Fighting       | |  2.0
Throwing       | |  1.0
Armour         | |  1.1
Dodging        | |  2.1
Spellcasting   | |  2.0
Translocations | |  2.4

Action                   |  1- 3 |  4- 6 || total
-------------------------+-------+-------++-------
Melee: Hand axe          |    64 |    34 ||    98
       Kick              |    19 |     9 ||    28
       Peck              |     7 |     7 ||    14
Throw: Boomerang         |     7 |       ||     7
  Use: Scroll            |     4 |     4 ||     8
       Potion            |     1 |       ||     1
Armor: Leather armour    |     2 |       ||     2
       Ring mail         |     2 |     5 ||     7
Dodge: Dodged            |    19 |    13 ||    32

Table legend:
 A = Non-vault XP
 B = Vault XP
 C = Vault XP percentage of total XP
 D = Non-vault monster count
 E = Vault monster count
 F = Vault count percentage of total count
                 A         B        C        D         E       F
            +---------+---------+-------+---------+---------+-------
      Total |     105 |       2 |   1.9 |      40 |       2 |   4.8
            +---------+---------+-------+---------+---------+-------
        D:1 |      22 |       1 |   4.3 |      16 |       1 |   5.9
        D:2 |      78 |       1 |   1.3 |      23 |       1 |   4.2
        D:3 |       5 |       0 |   0.0 |       1 |       0 |   0.0
            +---------+---------+-------+---------+---------+-------
